 Dungeon Crawl Stone Soup version 0.30-a0-297-g0ec75d9ef4 (webtiles) character file.

Game seed: 16204289392740038400

427 Iusername the Trooper (level 6, 0/56 HPs)
             Began as a Hill Orc Fighter on Oct 18, 2022.
             Slain by a killer bee (1 damage)
             ... on level 5 of the Dungeon.
             The game lasted 00:06:33 (4379 turns).

Iusername the Trooper (Hill Orc Fighter)            Turns: 4379, Time: 00:06:34

Health: 0/56       AC: 12    Str: 21    XL:     6   Next: 97%
Magic:  6/6        EV:  8    Int:  8    God:
Gold:   20         SH:  8    Dex: 10    Spells: 5/5 levels left

rFire   . . .      SeeInvis +    a - +0 war axe
rCold   . . .      Faith    .    n - +0 kite shield
rNeg    . . .      Spirit   .    b - +0 scale mail
rPois   .          Reflect  .    s - +2 helmet {SInv}
rElec   .          Harm     .    r - +1 cloak
rCorr   .          Rampage  .    (no gloves)
Will    .....                    (no boots)
Stlth   ..........               (no amulet)
HPRegen 0.29/turn                (no ring)
MPRegen 0.10/turn                (no ring)

@: lethally poisoned (0 -> -7)
A: no striking features
a: no special abilities


You were on level 5 of the Dungeon.
You visited 1 branch of the dungeon, and saw 5 of its levels.
You also visited: Sewer.

You collected 193 gold pieces.
You spent 173 gold pieces at shops.

Inventory:

Hand Weapons
 a - a +0 war axe (weapon)
Missiles
 x - 2 javelins (quivered)
Armour
 b - a +0 scale mail (worn)
 n - a +0 kite shield (worn)
 r - a +1 cloak (worn)
 s - a +2 helmet of see invisible (worn)
Jewellery
 p - a ring of protection from fire
Wands
 o - a wand of polymorph (8)
Scrolls
 c - a scroll of butterflies {unknown}
 e - a scroll of silence
 j - 4 scrolls of teleportation
 l - 2 scrolls of fear {unknown}
 m - 3 scrolls of identify {unknown}
 q - a scroll of enchant armour {unknown}
 v - a scroll of blinking
Potions
 g - a potion of berserk rage {unknown}
 h - a potion of degeneration {unknown}
 i - a potion of cancellation
 k - a potion of magic {unknown}
 t - a potion of haste {unknown}
 u - a potion of flight {unknown}
 w - a potion of heal wounds {unknown}


   Skills:
 + Level 5.5 Fighting
 + Level 5.3 Axes
 + Level 5.0 Armour
 + Level 5.0 Shields


You had 5 spell levels left.
You didn't know any spells.
Your spell library was empty.

Dungeon Overview and Level Annotations

Branches:
Dungeon (5/15)              Sewer (visited)
 Temple: D:4-7

Altars:
Xom
The Shining One

Shops:
D:3 *   D:4 (:

Annotations:
D:5 Eustachio


Message History

The killer bee stings you but does no damage.
The killer bee stings you.
* * * LOW HITPOINT WARNING * * *
The killer bee stings you.
* * * LOW HITPOINT WARNING * * *
You are poisoned.
The killer bee poisons you! The killer bee barely misses you.
The orc hits you but does no damage. The quasit bites you.
* * * LOW HITPOINT WARNING * * *
The quasit claws you but does no damage. x2
Okay, then.
You barely miss the killer bee.
The killer bee is lightly wounded.
You closely miss the killer bee. You hit the quasit.
You closely miss the white imp. You closely miss the killer bee. x2
You closely miss the orc.
You feel sick. You block the killer bee's attack.
The killer bee barely misses you. The killer bee stings you.
* * * LOW HITPOINT WARNING * * *
You are lethally poisoned!
The killer bee poisons you! The killer bee closely misses you.
The killer bee barely misses you. The killer bee completely misses you.
You block the killer bee's attack. The killer bee barely misses you.
The white imp barely misses you.
The quasit bites you but does no damage.
The quasit claws you but does no damage. x2
The orc closely misses you.
An iguana comes into view.
The killer bee stings you but does no damage. x3
You block the killer bee's attack.
The white imp hits you but does no damage.
Unknown command.
You hit the killer bee.
The killer bee is heavily wounded.
You barely miss the killer bee. You hit the orc but do no damage.
You barely miss the killer bee. You miss the quasit.
You barely miss the killer bee. You slash the white imp!
* * * LOW HITPOINT WARNING * * *
You feel very sick. You block the killer bee's attack.
The killer bee stings you.
You die...

............##
.............##
.............l
............#
............#
......Y5....#
.>!...yy5...#
......y@y@.#
....#.o.5.## #
#######


You could see Eustachio, an ice beast, an iguana, 4 killer bees, a quasit
(summoned), a white imp (summoned), a shadow imp (summoned) and an orc.

Vanquished Creatures
  2 bullfrogs (Sewer)
  A killer bee (D:4)
  A hound (D:4)
  A jelly (D:4)
  Jessica (D:2)
  4 adders
  An ufetubus (D:4)
  A worm (D:4)
  2 dart slugs
  An orc (D:3)
  5 endoplasms
  16 giant cockroaches
  15 goblins
  8 hobgoblins
  9 kobolds
  13 quokkas
  3 training dummies (D:4)
  15 ball pythons
  6 bats
  7 frilled lizards (Sewer)
  6 rats
118 creatures vanquished.

Vanquished Creatures (others)
  A hound (D:4)
  An adder (D:4)
  A plant (D:1)
  5 toadstools (D:1)
8 creatures vanquished.

Grand Total: 126 creatures vanquished

Notes
Turn   | Place    | Note
-------+----------+-------------------------------------------
     0 | D:1      | Iusername the Hill Orc Fighter began the quest for the Orb.
     0 | D:1      | Reached XP level 1. HP: 19/19 MP: 1/1
    74 | D:1      | Reached XP level 2. HP: 24/27 MP: 2/2
   362 | D:1      | Reached XP level 3. HP: 33/33 MP: 3/3
  1206 | D:2      | Noticed Jessica
  1236 | D:2      | Killed Jessica
  1237 | D:2      | Reached XP level 4. HP: 14/41 MP: 4/4
  1984 | D:3      | Found Ynueh's Assorted Antiques.
  2099 | D:3      | Found a glowing golden altar of the Shining One.
  2284 | D:3      | Bought a shiny helmet for 157 gold pieces
  2453 | D:4      | Reached XP level 5. HP: 47/47 MP: 5/5
  2573 | D:4      | Found Udeisa Miod's Firing Range.
  2647 | D:4      | Found Vaxt's Book Emporium.
  2739 | D:4      | Found a glowing drain.
  2753 | Sewer    | Entered a sewer
  3123 | Sewer    | Reached skill level 5 in Fighting
  3123 | Sewer    | Reached XP level 6. HP: 55/56 MP: 6/6
  3494 | D:4      | Reached skill level 5 in Axes
  3702 | D:4      | Found a shimmering altar of Xom.
  3926 | D:4      | Bought 2 javelins for 16 gold pieces
  3970 | D:5      | Entered Level 5 of the Dungeon
  3970 | D:5      | Noticed Eustachio
  3988 | D:4      | Reached skill level 5 in Armour
  3988 | D:4      | Reached skill level 5 in Shields
  4373 | D:5      | Noticed an ice beast
  4379 | D:5      | HP: 1/56 [poisoned by a killer bee]
  4379 | D:5      | Slain by a killer bee

Illustrated notes

Levels and vault maps discovered:
D:1:      ldierk_walled_garden, layout_loops_ring
D:2:      layout_loops_ring, serial_park_tiny_2, uniq_jessica
D:3:      layout_basic, tso_metal_star, serial_shops, shop, kennysheep_donut,
          serial_bayou_pond_d
D:4:      layout_loops_cross, xom_confusion_cloud, gup_sewer_entry_pipe,
          serial_shops, nicolae_shop_waterfront, minmay_stone_trees_large,
          nicolae_shop_firing_range
D:5:      layout_rooms, chequers_temple_overflow_statue_of_worship,
          kennysheep_generic_room_15, uniq_eustachio

Skill      XL: |  1  2  3  4  5  6 |
---------------+-------------------+-----
Axes           | 3 4 5 |  5.3
Fighting       | 4 5 |  5.5
Armour         | 4 5 |  5.0
Shields        | 4 5 |  5.0

Action                   |  1- 3 |  4- 6 || total
-------------------------+-------+-------++-------
Melee: War axe           |   112 |   245 ||   357
       Unarmed           |     2 |       ||     2
Throw: Javelin           |       |     7 ||     7
       Throwing net      |       |     1 ||     1
  Use: Scroll            |       |     2 ||     2
       Potion            |       |     5 ||     5
 Stab: Held in net/web   |       |     1 ||     1
Armor: Scale mail        |    61 |   198 ||   259
Dodge: Dodged            |    52 |   135 ||   187
Block: Buckler           |    18 |       ||    18
       Kite shield       |    24 |   162 ||   186

Table legend: (Time is in decaauts)
 A = Elapsed time spent in this place.
 B = Non-inter-level travel time spent in this place.
 C = Inter-level travel time spent in this place.
 D = Time resting spent in this place.
 E = Time spent auto-exploring this place.
 F = Levels seen in this place.
 G = Mean time per level.
                   A        B        C        D        E       F      G
               +--------+--------+--------+--------+--------+-----+--------+
         Total |   4653 |   4490 |    163 |    942 |   2457 |   6 |  775.5 |
       Dungeon |   3866 |   3703 |    163 |    812 |   2173 |   5 |  773.2 |
         Sewer |    786 |    786 |      0 |    130 |    284 |   1 |  786.0 |
               +--------+--------+--------+--------+--------+-----+--------+

Top non-repeatable levels by time:
     D:4: 1328 daAuts
     D:2: 956 daAuts
     D:3: 789 daAuts
   Sewer: 786 daAuts
     D:1: 777 daAuts
     D:5: 14 daAuts
